 Dungeon Crawl Stone Soup version 0.28.0-45-g0d030f2227 (webtiles) character file.

Game seed: 8089687814699097238

21513 Eitelfritz the Unseen (level 13, 0/76 HPs)
             Began as a Kobold Brigand on Apr 20, 2022.
             Was a Follower of Uskayaw.
             Slain by a moth of wrath (shapeshifter) (4 damage)
             ... on level 13 of the Dungeon.
             The game lasted 00:49:31 (14625 turns).

Eitelfritz the Unseen (Kobold Brigand)             Turns: 14625, Time: 00:49:31

Health: 0/76       AC: 16    Str:  6    XL:     13   Next: 20%
Magic:  20/20      EV: 18    Int: 13    God:    Uskayaw [*.....]
Gold:   654        SH:  0    Dex: 19    Spells: 12/12 levels left

rFire   + + +      SeeInvis .   b - +0 rapier (elec)
rCold   x . .      Faith    .   (no shield)
rNeg    . . .      Spirit   .   H - +0 troll leather armour
rPois   +          Reflect  .   f - +1 hat of Runoext {rPois rF++ Str-4 Stlth+}
rElec   .          Harm     .   q - +1 cloak
rCorr   .          Rampage  .   o - +2 pair of gloves
Will    .....                   r - +0 pair of boots
Stlth   +++++++++.              (no amulet)
HPRegen 1.02/turn               l - +4 ring of protection
MPRegen 0.17/turn               n - ring of fire

@: no status effects
A: small, no large weapons, nightstalker 3
a: Renounce Religion, Stomp


You were on level 13 of the Dungeon.
You worshipped Uskayaw.
Uskayaw was aware of your devotion.
You visited 2 branches of the dungeon, and saw 15 of its levels.
You also visited: Ossuary.

You collected 729 gold pieces.
You spent 75 gold pieces at shops.

Inventory:

Hand Weapons
 a - a +2 dagger of electrocution
 b - a +0 rapier of electrocution (weapon)
 P - the +9 hunting sling "Kuhil" {vorpal, rElec rN+ Int+6}
   (You found it on level 14 of the Dungeon)

   Any ammunition fired from it inflicts extra damage upon your enemies.
   Int:       It affects your intelligence (+6).
   rElec:     It insulates you from electricity.
   rN:        It protects you from negative energy.
Missiles
 d - 25 poisoned darts (quivered)
 e - 4 curare-tipped darts
 m - 373 stones
 J - 3 silver boomerangs
Armour
 c - a +0 cloak
 f - the +1 hat of Runoext (worn) {rPois rF++ Str-4 Stlth+}
   (You acquired it on level 3 of the Dungeon)

   Str:       It affects your strength (-4).
   rF:        It greatly protects you from fire.
   rPois:     It protects you from poison.
   Stlth:     It makes you more stealthy.
 g - a +0 robe of willpower
 o - a +2 pair of gloves (worn)
 q - a +1 cloak (worn)
 r - a +0 pair of boots (worn)
 B - +0 acid dragon scales
 H - a +0 troll leather armour (worn)
Jewellery
 l - a +4 ring of protection (left hand)
 n - a ring of fire (right hand)
 w - a ring of resist corrosion
 D - a ring of ice
 N - a ring of willpower
Wands
 p - a wand of flame (48)
 u - a wand of paralysis (6)
 y - a wand of iceblast (3)
 z - a wand of polymorph (27)
 M - a wand of charming (1)
Scrolls
 s - a scroll of torment {unknown}
 v - 2 scrolls of amnesia
 x - 11 scrolls of teleportation
 E - a scroll of fog
 K - a scroll of silence
 L - 5 scrolls of blinking
 O - a scroll of brand weapon
Potions
 h - 2 potions of invisibility
 i - 3 potions of mutation
 j - 3 potions of flight
 k - 3 potions of brilliance
 t - 3 potions of magic
 A - 4 potions of curing
 C - 3 potions of ambrosia
 F - 2 potions of cancellation {unknown}
 G - 3 potions of haste
 I - 2 potions of might {unknown}


   Skills:
 + Level 7.3 Fighting
 + Level 12.0 Short Blades
 + Level 2.2 Throwing
 + Level 4.0 Armour
 + Level 8.0 Dodging
 + Level 19.1 Stealth
 * Level 9.7 Invocations


You had 12 spell levels left.
You didn't know any spells.
Your spell library contained the following spells:

 Spells                   Type           Power      Damage    Failure   Level
 Slow                     Hex            0%         N/A       43%         1
 Sublimation of Blood     Necr           0%         N/A       56%         2
 Confusing Touch          Hex            0%         N/A       80%         3
 Inner Flame              Hex/Fire       0%         N/A       80%         3
 Ozocubu's Armour         Ice            0%         N/A       80%         3
 Vampiric Draining        Necr           0%         2d6       80%         3
 Animate Dead             Necr           0%         N/A       99%         4
 Cause Fear               Hex            0%         N/A       99%         4
 Petrify                  Tmut/Erth      0%         N/A       99%         4
 Irradiate                Conj/Tmut      0%         3d13      100%        5
 Metabolic Englaciation   Hex/Ice        0%         N/A       100%        5
 Yara's Violent Unravell  Hex/Tmut       0%         3d3       100%        5
 Simulacrum               Ice/Necr       0%         N/A       100%        6
 Enfeeble                 Hex            0%         N/A       100%        7
 Haunt                    Necr/Summ      0%         N/A       100%        7
 Ozocubu's Refrigeration  Ice            0%         4d5       100%        7
 Borgnjor's Revivificati  Necr           0%         N/A       100%        8
 Discord                  Hex            0%         N/A       100%        8
 Infestation              Necr           0%         N/A       100%        8
 Necromutation            Tmut/Necr      0%         N/A       100%        8
 Death's Door             Necr           0%         N/A       100%        9


Dungeon Overview and Level Annotations

Branches:
Dungeon (14/15)            Temple (1/1) D:5            Lair (0/6) D:10
    Orc (0/2) D:11        Ossuary (visited)
 Vaults: D:13-14

Altars:
Ashenzari
Cheibriados
Dithmenos
Elyvilon
Fedhas
Gozag
Hepliaklqana
Kikubaaqudgha
Makhleb
Nemelex Xobeh
Okawaru
Ru
Sif Muna
Trog
Uskayaw
Vehumet
Wu Jian
Xom
Yredelemnul
Zin
The Shining One

Shops:
D:9 *

Annotations:
D:3 Robin


Innate Abilities, Weirdness & Mutations

You are small and have problems with some larger weapons.
You are completely attuned to the shadows.


Message History

You completely miss the molten gargoyle.
The molten gargoyle is lightly damaged.
The molten gargoyle blasts magma at you!
The bolt of magma hits you! You partially resist.
* * * LOW HITPOINT WARNING * * *
You hit the molten gargoyle.
The molten gargoyle is lightly damaged.
You hear the steady crackling of a distant melting archway.
You hit the molten gargoyle but do no damage.
The molten gargoyle is lightly damaged.
The molten gargoyle closely misses you.
A moth of wrath comes into view.
You hit the molten gargoyle.
The molten gargoyle is moderately damaged.
You hit the molten gargoyle but do no damage.
The molten gargoyle is moderately damaged.
The molten gargoyle hits you with a +0 flail.
* * * LOW HITPOINT WARNING * * *
You are engulfed in flames.
You resist.
* * * LOW HITPOINT WARNING * * *
You hit the molten gargoyle but do no damage.
The molten gargoyle is moderately damaged.
The molten gargoyle blasts magma at you!
The bolt of magma hits you! You partially resist.
* * * LOW HITPOINT WARNING * * *
You hit the molten gargoyle but do no damage.
The molten gargoyle is moderately damaged.
You hit the molten gargoyle. You punch the molten gargoyle.
The molten gargoyle is moderately damaged.
The molten gargoyle misses you.
You hit the molten gargoyle but do no damage.
The molten gargoyle is moderately damaged.
You hit the molten gargoyle.
The molten gargoyle is heavily damaged.
The molten gargoyle completely misses you.
The moth of wrath misses you.
You hit the molten gargoyle but do no damage.
The molten gargoyle is heavily damaged.
The molten gargoyle closely misses you. The moth of wrath bites you.
You die...

#..#.≈≈ ≈§≈≈.#....
##.#.§≈E88≈≈)#.....
#...#9≈≈88≈≈≈.#....
#.##.≈≈≈≈≈≈§.#.....
#.#.#.≈≈≈≈≈≈..#####
#.##...≈..)..#.# ..
#.#.#.#.#.#.#.## ##
#9##.#.#.#.#.#.#
#.@y.......#####
####.######... #.#
... #.# ... #..


You could see a moth of wrath and a molten gargoyle.

Vanquished Creatures
  A boulder beetle (D:14)
  A centaur warrior (D:11)
  5 two-headed ogres
  Sonja (D:12)
  A manticore (D:12)
  2 ugly things
  Maurice (D:12)
  5 centaur zombies
  A guardian serpent (shapeshifter) (D:13)
  2 molten gargoyles (D:13)
  3 unseen horrors
  2 gargoyles
  3 kobold demonologists
  2 komodo dragons (D:10)
  Grinder (D:6)
  A hornet (D:11)
  3 trolls
  10 slime creatures
  A centaur simulacrum (D:12)
  2 shadows
  A wraith (D:10)
  3 basilisks (D:10)
  A wyvern (D:10)
  6 vampire mosquitoes
  3 wargs (D:11)
  An acid dragon (D:9)
  Duvessa (D:6)
  3 sky beasts
  A swamp drake (D:10)
  A black bear (D:4)
  6 orc warriors
  5 necrophages
  2 ice beasts
  5 ogres
  7 centaurs
  A phantom (D:4)
  2 bullfrogs (D:7)
  7 scorpions (Ossuary)
  A gnoll sergeant (D:7)
  Dowan (D:6)
  3 killer bees (D:8)
  A water moccasin skeleton (D:4)
  17 wights
  A howler monkey (D:11)
  A bullfrog zombie (D:6)
  3 hounds (D:5)
  3 jellies
  Crazy Yiuf (D:6)
  A centaur skeleton (D:4)
  3 human zombies (Ossuary)
  6 orc priests
  2 iguanas (D:7)
  16 orc wizards
  5 scorpion zombies (Ossuary)
  A killer bee zombie (D:8)
  A hound skeleton (D:4)
  3 mummies (Ossuary)
  4 howler monkey zombies
  6 gnolls
  6 adders
  A shadow imp (D:5)
  A white imp (D:7)
  3 worms
  3 dart slugs
  45 orcs
  3 bats
  6 endoplasms
  A giant cockroach (D:3)
  2 gnoll zombies (Ossuary)
  13 goblins
  12 hobgoblins
  6 jackals
  6 quokkas
  4 ball pythons
  3 frilled lizards (D:3)
  3 hobgoblin zombies (Ossuary)
  3 kobolds
  2 kobold zombies (Ossuary)
  3 orc zombies (Ossuary)
  4 rats
314 creatures vanquished.

Vanquished Creatures (others)
  A plant (D:1)
1 creature vanquished.

Grand Total: 315 creatures vanquished

Notes
Turn   | Place    | Note
-------+----------+-------------------------------------------
     0 | D:1      | Eitelfritz the Kobold Brigand began the quest for the Orb.
     0 | D:1      | Reached XP level 1. HP: 12/12 MP: 1/1
   202 | D:1      | Reached XP level 2. HP: 17/17 MP: 2/2
   426 | D:1      | Reached skill level 6 in Stealth
   997 | D:2      | Reached XP level 3. HP: 21/21 MP: 3/3
  1279 | D:2      | Found a faded altar of an unknown god.
  1416 | D:2      | Identified the +0 ice dragon scales of the Storm King {rF-
                  | rC++ Str+2}
  1478 | D:2      | Reached skill level 7 in Stealth
  1478 | D:2      | Reached XP level 4. HP: 26/26 MP: 4/4
  1936 | D:3      | Found a white marble altar of Elyvilon.
  2385 | D:3      | Reached XP level 5. HP: 31/31 MP: 5/5
  3109 | D:3      | Noticed Robin
  3604 | D:4      | Reached skill level 8 in Stealth
  3795 | D:3      | Identified a scroll of acquirement
  3795 | D:3      | Acquired the +1 hat of Runoext {rPois rF++ Str-4 Stlth+}
  3860 | D:4      | Noticed a sky beast
  3983 | D:4      | Noticed a phantom
  3995 | D:4      | Reached XP level 6. HP: 21/36 MP: 6/6
  4171 | D:4      | Identified the +3 scale mail of Least Resistance {rPois}
  4192 | D:4      | Reached skill level 5 in Short Blades
  4399 | D:4      | Killed a sky beast
  4400 | D:4      | Reached XP level 7. HP: 41/41 MP: 7/7
  4530 | D:4      | Found an ornate altar of the Wu Jian Council.
  4561 | D:4      | Reached skill level 9 in Stealth
  4597 | D:4      | Found an opulent altar of Gozag.
  4949 | D:5      | Entered Level 5 of the Dungeon
  5076 | D:5      | Found a staircase to the Ecumenical Temple.
  5081 | D:5      | Reached skill level 10 in Stealth
  5081 | D:5      | Reached XP level 8. HP: 46/46 MP: 8/8
  5087 | Temple   | Entered the Ecumenical Temple
  5130 | Temple   | Became a worshipper of Uskayaw the Reveller
  5303 | D:5      | Reached * piety under Uskayaw
  5308 | D:5      | Reached ** piety under Uskayaw
  5350 | D:5      | Reached skill level 1 in Invocations
  5771 | D:5      | Reached *** piety under Uskayaw
  5843 | D:5      | Reached skill level 11 in Stealth
  6045 | D:6      | Found a shadowy altar of Dithmenos.
  6064 | D:6      | Reached XP level 9. HP: 52/52 MP: 9/11
  6273 | D:6      | Noticed Grinder
  6277 | D:6      | Killed Grinder
  6278 | D:6      | Reached skill level 12 in Stealth
  6500 | D:6      | Noticed Dowan
  6502 | D:6      | Noticed Duvessa
  6503 | D:6      | Killed Dowan
  6519 | D:6      | Killed Duvessa
  6521 | D:6      | Reached **** piety under Uskayaw
  6522 | D:6      | Reached skill level 13 in Stealth
  6829 | D:6      | Found a runed translucent door.
  6832 | D:6      | Noticed Crazy Yiuf
  7105 | D:6      | Killed Crazy Yiuf
  7187 | D:7      | Found a burning altar of Makhleb.
  7446 | D:7      | Found a sand-covered staircase.
  7469 | D:7      | Reached skill level 1 in Armour
  7469 | D:7      | Reached skill level 14 in Stealth
  7469 | D:7      | Reached XP level 10. HP: 46/58 MP: 13/13
  7474 | Ossuary  | Entered an ossuary
  7631 | Ossuary  | Reached skill level 5 in Invocations
  7732 | Ossuary  | Reached ***** piety under Uskayaw
  8340 | D:7      | Found a bloodstained altar of Trog.
  8486 | D:7      | Reached skill level 15 in Stealth
  9275 | D:8      | Reached skill level 5 in Dodging
  9277 | D:8      | Reached skill level 5 in Fighting
  9693 | D:8      | Noticed a two-headed ogre
  9697 | D:8      | Killed a two-headed ogre
 10229 | D:9      | Found a hazy altar of Hepliaklqana.
 10278 | D:9      | Noticed a two-headed ogre
 10282 | D:9      | Killed a two-headed ogre
 10283 | D:9      | Reached XP level 11. HP: 64/64 MP: 15/15
 10520 | D:9      | Reached skill level 16 in Stealth
 10892 | D:9      | Found a snail-covered altar of Cheibriados.
 10924 | D:9      | Found a broken altar of Ashenzari.
 10979 | D:9      | Found Voipsea Neov's General Store.
 10983 | D:9      | Bought a scroll of identify for 30 gold pieces
 10983 | D:9      | Bought a potion of flight for 45 gold pieces
 11045 | D:10     | Entered Level 10 of the Dungeon
 11131 | D:10     | Reached skill level 17 in Stealth
 11969 | D:10     | Reached skill level 10 in Short Blades
 12038 | D:10     | Found a staircase to the Lair.
 12153 | D:10     | HP: 3/64 [orc warrior/+2 glaive of freezing (8)]
 12429 | D:11     | Noticed a two-headed ogre
 12433 | D:11     | Killed a two-headed ogre
 12434 | D:11     | Reached XP level 12. HP: 70/70 MP: 17/17
 12604 | D:11     | HP: 1/70 [large slime creature (26)]
 12823 | D:11     | Noticed a two-headed ogre
 12845 | D:11     | Killed a two-headed ogre
 12864 | D:11     | Reached skill level 18 in Stealth
 12969 | D:11     | Noticed a centaur warrior
 12992 | D:11     | Killed a centaur warrior
 13280 | D:11     | Found a staircase to the Orcish Mines.
 13453 | D:12     | Noticed Maurice
 13457 | D:12     | Killed Maurice
 13708 | D:12     | Noticed a two-headed ogre
 13721 | D:12     | Noticed a sixfirhy
 13752 | D:12     | Noticed Sonja
 13755 | D:12     | Killed Sonja
 14092 | D:12     | Killed a two-headed ogre
 14093 | D:12     | Reached XP level 13. HP: 76/76 MP: 18/20
 14401 | D:13     | You fall into a shaft and drop 1 floor!
 14429 | D:14     | Identified the +9 hunting sling "Kuhil" {vorpal, rElec rN+
                  | Int+6}
 14469 | D:14     | Noticed a boulder beetle
 14476 | D:14     | Killed a boulder beetle
 14496 | D:14     | Reached skill level 19 in Stealth
 14620 | D:13     | HP: 1/76 [molten gargoyle/bolt of magma (7)]
 14625 | D:13     | Slain by a moth of wrath (shapeshifter)

Illustrated notes

Levels and vault maps discovered:
D:1:      amcnicky_arrival_flooded_fountain, layout_loops_ring, serial_forest,
          infiniplex_forest_end_1, infiniplex_forest_straight_3,
          infiniplex_forest_straight_2, infiniplex_forest_clump_small,
          infiniplex_forest_clump_curved, infiniplex_forest_lined_ring
D:2:      layout_loops_ring, basic_ecumenical_altar
D:3:      layout_basic, mainiacjoe_overflow_boulevard, uniq_robin
D:4:      layout_loops_ring, mainiacjoe_overflow_catch_the_wave,
          minmay_checkerbox
D:5:      layout_loops_cross, minmay_temple_entry_junction
D:6:      layout_loops_ring, nicolae_dithmenos_the_darkroom, minmay_circle_x,
          uniq_grinder, uniq_crazy_yiuf_cottage, uniq_duvessa
D:7:      layout_basic, lightli_temple_of_fire, lemuel_tele_altar,
          mainiacjoe_overflow_alcove_2, lightli_ossuary_entry_decrepit_ruins,
          enter_bailey_5
D:8:      layout_basic, eino_tiny_chamber, nicolae_figureground_sparkle
D:9:      layout_cave_pools, overflow_temple_1_default,
          mainiacjoe_overflow_two_lobes, serial_shops,
          nicolae_shop_behind_doors, serial_glass, glass_columns_b,
          glass_columns_b, glass_columns_a, glass_columns_a, glass_columns_c,
          glass_columns_b, glass_columns_a, glass_columns_c
D:10:     layout_cave_pools, erik_lair_dragon
D:11:     layout_basic, minmay_orc_entry_guard_dogs
D:12:     layout_loops_ring, uniq_sonja, uniq_maurice
D:13:     layout_loops_cross, portal_ice_cave_entry_ice_simulacra,
          nicolae_wwwww, minivault_8
D:14:     minmay_gate_of_8, layout_loops_cross, grunt_vaults_entry_fortified,
          serial_glass, glass_columns_b, glass_columns_a, glass_columns_b,
          glass_columns_b, glass_columns_b, glass_columns_a
Temple:   minmay_temple_bridge_abc

Skill      XL: |  1  2  3  4  5  6  7  8  9 10 11 12 13 |
---------------+----------------------------------------+-----
Stealth        | 6 7 8 10 11 14 15 17 18 19 | 19.1
Short Blades   | 3 4 5 6 7 8 9 10 11 12 | 12.0
Dodging        | 2 3 4 5 6 7 8 |  8.0
Fighting       | 3 4 5 6 7 |  7.3
Invocations    | 2 4 6 7 9 |  9.7
Armour         | 1 2 3 4 |  4.0
Throwing       | |  2.2

Action                   |  1- 3 |  4- 6 |  7- 9 | 10-12 | 13-15 || total
-------------------------+-------+-------+-------+-------+-------++-------
Melee: Dagger            |    53 |   188 |   183 |   292 |       ||   716
       Punch             |     1 |     2 |     1 |     8 |     2 ||    14
       Rapier            |       |       |       |   364 |    43 ||   407
  Use: Scroll            |       |     7 |     2 |    13 |     1 ||    23
       Potion            |       |       |       |     3 |     1 ||     4
 Stab: Sleeping          |    25 |    13 |    37 |    72 |     8 ||   155
       Distracted        |     1 |     1 |     4 |     2 |       ||     8
       Paralysed         |       |       |     2 |    26 |       ||    28
       Invisible         |       |       |       |     6 |       ||     6
Armor: Robe              |     3 |    27 |    11 |       |       ||    41
       Leather armour    |       |       |    20 |    66 |       ||    86
       Troll leather arm |       |       |       |   168 |     1 ||   169
Dodge: Dodged            |    14 |    84 |    79 |   429 |    13 ||   619
